 Dungeon Crawl Stone Soup version 0.23-b1-70-gd12f7cf (webtiles) character file.

Game seed: 17661770302263508934

200 poirepourri the Covert (level 5, -2/24 HPs)
             Began as a Spriggan Enchanter on Feb 6, 2019.
             Was an Initiate of Ashenzari.
             Killed from afar by an orc wizard (12 damage)
             ... with a puff of frost
             ... on level 3 of the Dungeon.
             The game lasted 00:03:14 (3414 turns).

poirepourri the Covert (Spriggan Enchanter)         Turns: 3414, Time: 00:03:15

Health: -2/24      AC:  2    Str:  4    XL:     5   Next: 49%
Magic:  10/10      EV: 18    Int: 16    God:    Ashenzari [......]
Gold:   154        SH:  0    Dex: 18    Spells: 3/9 levels left

rFire    . . .     SeeInvis +   a - +1 dagger
rCold    . . .     Gourm    .   (shield restricted)
rNeg     . . .     Faith    .   b - +0 robe
rPois    .         Spirit   .   (helmet restricted)
rElec    .         Reflect  .   (no cloak)
rCorr    .         Harm     .   (gloves unavailable)
MR       .....                  (boots unavailable)
Stlth    ++++......             (no amulet)
HPRegen  0.08/turn              (no ring)
MPRegen  0.12/turn              (no ring)

@: very quick
A: very small, unfitting armour, see invisible, herbivore, speed 3, slow
metabolism 2
a: Curse Item, Renounce Religion


You were on level 3 of the Dungeon.
You worshipped Ashenzari.
Ashenzari was noncommittal.
You were not hungry.

You visited 1 branch of the dungeon, and saw 3 of its levels.

You collected 154 gold pieces.

Inventory:

Hand Weapons
 a - a +1 dagger (weapon)
Armour
 b - a +0 robe (worn)
 e - a +1 robe of magic resistance
Jewellery
 m - a +3 amulet of reflection
Scrolls
 k - a scroll of blinking {unknown}
 l - 2 scrolls of magic mapping {unknown}
 n - a scroll of remove curse
Potions
 c - 2 potions of degeneration {unknown}
 f - 2 potions of flight {unknown}
 g - 3 potions of curing
 h - 3 potions of ambrosia {unknown}
 i - a potion of might {unknown}
 j - a potion of brilliance {unknown}
Comestibles
 d - 6 rations


   Skills:
 - Level 1.1 Short Blades
 - Level 3.0 Dodging
 + Level 9.7 Stealth
 - Level 2.6 Spellcasting
 - Level 3.6 Hexes


You had 3 spell levels left.
You knew the following spells:

 Your Spells              Type           Power        Failure   Level  Hunger
a - Corona                Hex            ##.....      4%          1    #......
b - Ensorcelled Hibernat  Hex/Ice        #.....       14%         2    ##.....
c - Confuse               Hex            ##......     13%         3    ###....

Your spell library contained the following spells:

 Spells                   Type           Power        Failure   Level  Hunger
 Tukima's Dance           Hex            ##......     13%         3    ###....
 Dazzling Spray           Conj/Hex       #.....       28%         3    ###....


Dungeon Overview and Level Annotations

Branches:
Dungeon (3/15)

Altars:
Ashenzari


Innate Abilities, Weirdness & Mutations

You are very small and have problems with some larger weapons.
You are too small for most types of armour.
You have supernaturally acute eyesight. (SInv)
You are a herbivore.
You cover ground extremely quickly.
You need to consume almost no food.


Message History

l - 2 scrolls labeled COATUEXTOP (gained 1)
Found an uncursed mace.
n - a scroll of remove curse HP restored.
Key pressed, stopping explore.
The orc wizard is too close now for your liking.
The orc priest completely misses you.
The orc wizard shouts!
The orc wizard shouts!
You hit the orc priest.
The orc priest is moderately wounded.
The orc wizard hits you with a +0 dagger.
The orc priest mumbles some strange prayers to Beogh against you.
Beogh smites you!
Ouch! That really hurt!
The orc priest looks encouraged for a moment.
The orc wizard gestures at you while chanting.
The puff of frost hits you!
Ouch! That really hurt!
You die...

#.....#######....#######
#....##..........##.....
####.##........#####...#
###########.##.o......# #......
#........##.##....o...###.#...#
#.######.#....o######..........
#.######.#####.######.##.######
#.#............#......##.#
#.#.####.#####@#.#######.#####
#.#....#.....................#
#.####.#.......?.########....##
#..............................
######.#.######..########....##
#.#......#........##....#.
#.......##.######.##....#.
##########.# #.#######.
######## #.# #.# #.


You could see an orc priest and an orc wizard.

Vanquished Creatures
  A big kobold (D:3)
  An orc priest (D:3)
  An orc wizard (D:3)
  An adder (D:2)
  A worm (D:2)
  3 dart slugs
  8 orcs (D:3)
  4 bats
  4 giant cockroaches (D:1)
  7 goblins
  5 hobgoblins
  6 kobolds
  A quokka (D:3)
  6 rats
49 creatures vanquished.

Notes
Turn   | Place    | Note
-------+----------+-------------------------------------------
     0 | D:1      | poirepourri the Spriggan Enchanter began the quest for the
                  | Orb.
     0 | D:1      | Reached XP level 1. HP: 9/9 MP: 5/5
   168 | D:1      | Reached skill level 5 in Stealth
   542 | D:1      | Reached XP level 2. HP: 13/13 MP: 6/6
   962 | D:1      | Reached skill level 6 in Stealth
  1110 | D:2      | Learned a level 2 spell: Ensorcelled Hibernation
  1169 | D:2      | Reached XP level 3. HP: 16/16 MP: 8/8
  1614 | D:2      | Reached skill level 7 in Stealth
  1837 | D:2      | Learned a level 3 spell: Confuse
  2129 | D:3      | Reached XP level 4. HP: 21/21 MP: 9/9
  2156 | D:3      | Reached skill level 8 in Stealth
  2780 | D:3      | Found a shattered altar of Ashenzari.
  2889 | D:3      | Became a worshipper of Ashenzari the Shackled
  2940 | D:3      | Noticed a big kobold
  2944 | D:3      | Killed a big kobold
  2944 | D:3      | Reached skill level 9 in Stealth
  2944 | D:3      | Reached XP level 5. HP: 24/24 MP: 10/10
  3414 | D:3      | Killed from afar by an orc wizard

Skill      XL: |  1  2  3  4 |
---------------+-------------+-----
Stealth        | 5 6 7 9 |  9.7
Short Blades   | |  1.1
Dodging        | |  3.0
Spellcasting   | |  2.6
Hexes          | |  3.6

Action                   |  1- 3 |  4- 6 || total
-------------------------+-------+-------++-------
Melee: Dagger            |   145 |    29 ||   174
 Cast: Corona            |     1 |       ||     1
       Ensorcelled Hiber |     4 |    10 ||    14
  Use: Scroll            |     4 |       ||     4
       Potion            |     1 |       ||     1
 Stab: Sleeping          |    14 |    11 ||    25
  Eat: Ration            |       |     1 ||     1
Armor: Robe              |    11 |       ||    11
Dodge: Dodged            |    88 |    19 ||   107
